 Dungeon Crawl Stone Soup version 0.22-a0-396-g3f858e3 (webtiles) character file.

16 Goblin1989 the Skirmisher (level 2, -1/19 HPs)
             Began as a Kobold Berserker on May 4, 2018.
             Was a Follower of Trog.
             Slain by an adder (4 damage)
             ... on level 2 of the Dungeon.
             The game lasted 00:01:58 (236 turns).

Goblin1989 the Skirmisher (Kobold Berserker)         Turns: 236, Time: 00:01:59

Health: -1/19      AC:  2    Str: 14    XL:     2   Next: 70%
Magic:  2/2        EV: 15    Int:  8    God:    Trog [*.....]
Gold:   31         SH:  0    Dex: 14    Spells: 1/1 levels left

rFire    . . .     SeeInvis .   a - +0 hand axe
rCold    . . .     Gourm    .   (shield restricted)
rNeg     . . .     Faith    .   b - +0 animal skin
rPois    .         Spirit   .   (no helmet)
rElec    .         Reflect  .   (no cloak)
rCorr    .         Harm     .   (no gloves)
MR       .....                  (no boots)
Stlth    +.........             (no amulet)
HPRegen  0.06/turn              (no ring)
MPRegen  0.08/turn              (no ring)

@: no status effects
A: small, carnivore
a: Berserk, Renounce Religion


You were on level 2 of the Dungeon.
You worshipped Trog.
Trog was aware of your devotion.
You were completely stuffed.

You visited 1 branch of the dungeon, and saw 2 of its levels.

You collected 31 gold pieces.

Inventory:

Hand Weapons
 a - a +0 hand axe (weapon)
Armour
 b - a +0 animal skin (worn)
Scrolls
 f - a scroll of identify {unknown}
Comestibles
 e - a ration


   Skills:
 - Level 3.2 Fighting
 + Level 3.1 Axes
 - Level 1.5 Armour
 - Level 2.4 Dodging


You had one spell level left.
You didn't know any spells.

Dungeon Overview and Level Annotations

Branches:
Dungeon (2/15)

Altars:


Innate Abilities, Weirdness & Mutations

You are small and have problems with some larger weapons.
You are carnivorous and can eat meat at any time.


Message History

Trog accepts your kill. The rat closely misses you.
You see here a short sword.
You slash the rat!
You kill the rat!
Trog accepts your kill.
You see here a rat corpse.
You butcher the rat corpse.
You feel a strong urge to attack something.
You see here a chunk of flesh.
g - a chunk of flesh You feel your anger nearly subside.
You are no longer berserk.
You are exhausted.
You feel yourself slow down.
Things that are here:
a club; a hobgoblin corpse You now have 3/19 hp.
You butcher the hobgoblin corpse.
Things that are here:
a club; 3 chunks of flesh Eating one of 3 chunks of flesh.
You eat one of the 3 chunks of flesh.
This raw flesh tastes great.
Eating one of 2 chunks of flesh.
You eat one of the 2 chunks of flesh.
This raw flesh tastes great.
Eating a chunk of flesh.
You eat the chunk of flesh.
This raw flesh tastes great.
Eating a chunk of flesh.
You eat the chunk of flesh.
This raw flesh tastes great.
You eat the ration.
That ration really hit the spot!
Unknown command.
You see here 6 gold pieces.
You now have 31 gold pieces (gained 6).
You feel yourself speed up.
You recover from your berserk rage.
There is a stone staircase leading down here.
You climb downwards.
A goblin comes into view. It is wielding a club.
The goblin shouts!
There is a stone staircase leading up here.
You hit the goblin.
You kill the goblin!
Trog accepts your kill.
Things that are here:
a club; a goblin corpse A frilled lizard comes into view.
The frilled lizard closely misses you.
You miss the frilled lizard. The frilled lizard barely misses you.
You barely miss the frilled lizard. The frilled lizard misses you.
The frilled lizard bites you.
* * * LOW HITPOINT WARNING * * *
You take 2 damage, and have 7/19 hp.
You closely miss the frilled lizard. The frilled lizard bites you.
* * * LOW HITPOINT WARNING * * *
You take 2 damage, and have 5/19 hp.
You barely miss the frilled lizard. The frilled lizard closely misses you.
You hit the frilled lizard but do no damage.
The frilled lizard misses you.
You closely miss the frilled lizard.
The frilled lizard bites you but does no damage.
You hit the frilled lizard.
You kill the frilled lizard!
Trog accepts your kill.
You see here a frilled lizard corpse.
You see here a ration.
e - a ration A bat comes into view.
You miss the bat. The bat closely misses you.
You hit the bat but do no damage. The bat hits you.
* * * LOW HITPOINT WARNING * * *
You take 1 damage, and have 5/19 hp.
You hit the bat.
You kill the bat!
Trog accepts your kill.
An adder comes into view.
You hit the adder.
The adder is moderately wounded.
The adder completely misses you.
You barely miss the adder.
The adder is moderately wounded.
The adder closely misses you. The adder barely misses you.
You hit the adder but do no damage.
The adder is moderately wounded.
The adder barely misses you.
You hit the adder.
The adder is severely wounded.
The adder bites you.
* * * LOW HITPOINT WARNING * * *
You take 1 damage, and have 5/19 hp.
You miss the adder.
The adder is severely wounded.
The adder closely misses you. The adder bites you.
* * * LOW HITPOINT WARNING * * *
You take 2 damage, and have 3/19 hp.
You hit the adder but do no damage.
The adder is severely wounded.
The adder misses you.
You barely miss the adder.
The adder is severely wounded.
The adder bites you.
You die...

█. █. █.████
.... █ ... █.
█.█ ..
█.█████S███....
█......@......$
███.......(?.██
█.███.████.█
█.█ █.█ █.█ █.█
█.█ █.█ █.█ █.█
█.█ █.█ █.█ .█


You could see an adder.

Vanquished Creatures
  A dart slug (D:1)
  A leopard gecko (D:2)
  2 goblins
  3 hobgoblins (D:1)
  A kobold (D:1)
  A bat (D:2)
  A frilled lizard (D:2)
  3 rats (D:1)
13 creatures vanquished.

Notes
Turn   | Place    | Note
-------+----------+-------------------------------------------
     0 | D:1      | Goblin1989 the Kobold Berserker began the quest for the Orb.
     0 | D:1      | Reached XP level 1. HP: 14/14 MP: 1/1
    49 | D:1      | Reached XP level 2. HP: 16/19 MP: 2/2
   236 | D:2      | Slain by an adder

Vault maps used:
D:1:      evilmike_arrival_crescent
D:2:      chequers_ecumenical_altar_grove

Skill      XL: |  1  2 |
---------------+-------+-----
Axes           | 3 |  3.1
Fighting       | |  3.2
Armour         | |  1.5
Dodging        | |  2.4

Action                   || total
-------------------------++-------
Melee: Hand axe          ||    35
Invok: Berserk           ||     1
  Eat: Chunk             ||     6
       Ration            ||     1
Armor: Animal skin       ||     4
Dodge: Dodged            ||    27

Table legend:
 A = Spawn XP
 B = Non-spawn XP
 C = Spawn XP percentage of total XP
 D = Spawn monster count
 E = Non-spawn monster count
 F = Spawn count percentage of total count
 G = Total turns spent on level
                    A         B        C        D         E        F      G
               +---------+---------+-------+---------+---------+-------+---------
         Total |       0 |      23 |   0.0 |       0 |      13 |   0.0 |   236
               +---------+---------+-------+---------+---------+-------+---------
           D:1 |       0 |      17 |   0.0 |       0 |       9 |   0.0 |   125
           D:2 |       0 |       6 |   0.0 |       0 |       4 |   0.0 |   111
               +---------+---------+-------+---------+---------+-------+---------

Vault maps used:
D:1:      evilmike_arrival_crescent
D:2:      chequers_ecumenical_altar_grove
